 Dungeon Crawl Stone Soup version 0.31-a0-632-g766dd24fdf (webtiles) character file.

Game seed: 11136473867298729945

54670 cforsyth the Prestidigitator (level 14, -1/99 HPs)
             Began as a Gnoll Artificer on Aug 24, 2023.
             Was a High Priest of Hepliaklqana.
             Slain by a komodo dragon (8 damage)
             ... on level 5 of the Lair of Beasts on Aug 26, 2023.
             The game lasted 00:54:50 (20630 turns).

cforsyth the Prestidigitator (Gnoll Artificer)     Turns: 20630, Time: 00:54:50

Health: -1/99      AC: 23    Str: 18    XL:     14   Next: 73%
Magic:  9/27       EV: 12    Int: 16    God:    Hepliaklqana [*****.]
Gold:   1050       SH: 11    Dex: 12    Spells: 24/32 levels left

rFire   + + .        M - +7 mace of Mourning {venom, rPois rF++}
rCold   + . .        Z - +0 kite shield
rNeg    . . .        S - +1 scale mail {rC+}
rPois   +            P - +2 helmet {SInv}
rElec   .            T - +1 cloak {rCorr}
rCorr   +            r - +1 pair of gloves
SInv    +            w - +0 pair of boots
Will    +....        L - amulet of regeneration
Stlth   +++          x - +4 ring of protection
HPRegen 1.16/turn    G - +6 ring of strength
MPRegen 0.20/turn

%: no passive effects
@: about to teleport, very slightly contaminated
A: reduced essence, fangs 1, strong nose, distributed training
a: Renounce Religion, Recall Ancestor, Ancestor Identity, Transference, Idealise


You were on level 5 of the Lair of Beasts.
You worshipped Hepliaklqana.
Hepliaklqana was extremely pleased with you.
You visited 2 branches of the dungeon, and saw 17 of its levels.
You also visited: Ice Cave and Volcano.

You collected 1050 gold pieces.

Inventory:

Hand Weapons
 e - a +3 scimitar of protection
 g - a +2 hand crossbow of flaming
 i - a +0 dagger of freezing
 u - a +0 dire flail of draining
 y - a +0 flail of protection
 M - the +7 mace of Mourning (weapon) {venom, rPois rF++}
   (You found it on level 8 of the Dungeon)

   rF++:      It greatly protects you from fire.
   rPois:     It protects you from poison
Missiles
 F - 7 curare-tipped darts
Armour
 b - a +0 leather armour of resistance
 c - the +2 leather armour of a Gauntlet {Fly rElec Dex-5}
   (You found it in an ice cave)

   Dex-5:     It affects your dexterity (-5).
   rElec:     It insulates you from electricity.
   Fly:       It grants you flight.
 r - a +1 pair of gloves (worn)
 w - a +0 pair of boots (worn)
 J - a +2 leather armour of cold resistance
 P - a +2 helmet of see invisible (worn)
 S - a +1 scale mail of cold resistance (worn)
 T - a +1 cloak of preservation (worn)
 Z - a +0 kite shield (worn)
Jewellery
 x - a +4 ring of protection (left hand)
 E - a ring of resist corrosion
 G - a +6 ring of strength (right hand)
 L - an amulet of regeneration (around neck)
 Y - a ring of poison resistance
Wands
 d - a wand of charming (5)
 h - a wand of paralysis (5)
 K - a wand of polymorph (9)
 Q - a wand of quicksilver (5)
 V - a wand of iceblast (1)
 W - a wand of flame (2)
Scrolls
 l - 3 scrolls of immolation
 m - 5 scrolls of vulnerability
 n - 3 scrolls of teleportation
 q - 2 scrolls of enchant armour
 s - 2 scrolls of enchant weapon
 z - a scroll of amnesia {unknown}
 B - a scroll of poison {unknown}
 D - a scroll of butterflies
 H - 3 scrolls of blinking
 O - a scroll of torment {unknown}
 R - a scroll of fear
 X - a scroll of fog
Potions
 a - a potion of mutation {unknown}
 j - a potion of lignification
 k - 5 potions of curing
 o - a potion of ambrosia
 p - 4 potions of brilliance
 t - 2 potions of cancellation
 v - a potion of invisibility
 A - 4 potions of berserk rage
 C - 2 potions of might
 I - 2 potions of enlightenment
 N - 6 potions of haste
 U - 2 potions of resistance


   Skills:
 + Level 10.0 Fighting
 + Level 9.6 Short Blades
 + Level 9.6 Long Blades
 + Level 9.6 Axes
 + Level 9.6 Maces & Flails
 + Level 9.6 Polearms
 + Level 9.6 Staves
 + Level 9.6 Ranged Weapons
 + Level 9.6 Throwing
 + Level 10.7 Armour
 + Level 10.0 Dodging
 + Level 10.0 Stealth
 + Level 9.6 Shields
 + Level 9.6 Unarmed Combat
 + Level 9.6 Spellcasting
 + Level 8.0 Conjurations
 + Level 8.0 Hexes
 + Level 8.0 Summonings
 + Level 8.0 Necromancy
 + Level 8.0 Translocations
 + Level 8.0 Transmutations
 + Level 8.0 Fire Magic
 + Level 8.0 Ice Magic
 + Level 8.0 Air Magic
 + Level 8.0 Earth Magic
 + Level 8.0 Poison Magic
 + Level 10.5 Invocations
 + Level 11.6 Evocations
 + Level 8.8 Shapeshifting


You had 24 spell levels left.
You knew the following spells:

 Your Spells              Type           Power      Damage    Failure   Level
a - Summon Guardian Gole  Hex/Summ       33%        N/A       5%          3
b - Irradiate             Conj/Tmut      16%        3d17      43%         5

Your spell library contained the following spells:

 Spells                   Type           Power      Damage    Failure   Level
 Summon Small Mammal      Summ           100%       N/A       1%          1
 Passwall                 Tmut/Erth      27%        N/A       2%          2
 Poisonous Vapours        Pois/Air       66%        N/A       2%          2
 Sublimation of Blood     Necr           33%        N/A       2%          2
 Wereblood                Tmut           33%        N/A       2%          2
 Call Canine Familiar     Summ           33%        N/A       5%          3
 Ignite Poison            Fire/Tmut/Pois 33%        N/A       5%          3
 Mephitic Cloud           Conj/Pois/Air  33%        N/A       5%          3
 Portal Projectile        Hex/Tloc       66%        N/A       5%          3
 Tukima's Dance           Hex            33%        N/A       5%          3
 Volatile Blastmotes      Fire/Tloc      66%        2d15      5%          3
 Fulminant Prism          Conj/Hex       16%        3d10      17%         4
 Iskenderun's Mystic Bla  Conj/Tloc      33%        2d8       17%         4
 Leda's Liquefaction      Hex/Erth       16%        N/A       17%         4
 Passage of Golubria      Tloc           33%        N/A       17%         4
 Petrify                  Tmut/Erth      33%        N/A       17%         4
 Freezing Cloud           Conj/Ice/Air   16%        6-21      43%         5
 Yara's Violent Unravell  Hex/Tmut       16%        3d8       43%         5
 Death Channel            Necr           16%        N/A       95%         6
 Malign Gateway           Summ/Tloc      16%        N/A       100%        7
 Summon Hydra             Summ           16%        N/A       100%        7
 Summon Horrible Things   Summ           16%        N/A       100%        8


Dungeon Overview and Level Annotations

Branches:
Dungeon (12/15)            Temple (0/1) D:7            Lair (5/5) D:8
  Swamp (0/4) Lair:3       Spider (0/4) Lair:3        Slime (0/5) Lair:4
    Orc (0/2) D:11          IceCv (visited)         Volcano (visited)

Altars:
Cheibriados
Dithmenos
Hepliaklqana
Makhleb
Okawaru
Sif Muna
Trog
Uskayaw
Wu Jian
Xom
Zin
The Shining One
Jiyva

Shops:
D:3 *

Annotations:
D:6 1 runed translucent door, Crazy Yiuf
Lair:5 3 runed translucent doors, exclusion: 4 oklob plants, bakla's ghost, journeyman TrHW


Innate Abilities, Weirdness & Mutations

Your life essence is reduced to manifest your ancestor. (-10% HP)
You have very sharp teeth.
Your uncanny sense of smell can sniff out nearby items.
Your experience applies equally to all skills.


Message History

Confirm with . or Enter, or press ? or * to list all spells.
You erupt in a fountain of uncontrolled magic!
Numeria avoids your attack. x2
The yak is blasted with magical radiation!!
You kill the yak!
The black mamba is blasted with magical radiation!!
The black mamba is severely wounded.
You are contaminated with residual magic.
The black mamba bites you.
* * * LOW HITPOINT WARNING * * *
A yak comes into view. x2
Unknown command.
You feel much better. The black mamba barely misses you.
The black mamba bites you.
* * * LOW HITPOINT WARNING * * *
Numeria closely misses the black mamba.
Your magical effects are unravelling.
You feel magically purged.
You feel less contaminated with magical energies.
The sentinel's mark upon you fades away.
You block the black mamba's attack.
The komodo dragon bites you but does no damage.
The black mamba bites you but does no damage.
A yak comes into view.
Numeria closely misses the black mamba.
As you read the scroll of teleportation, it crumbles to dust.
You feel strangely unstable. You block the black mamba's attack.
The komodo dragon bites you!!
* * * LOW HITPOINT WARNING * * *
You block the black mamba's attack.
The yak barely misses Numeria.
Numeria gestures at the black mamba while chanting.
The stone arrow misses the black mamba.
You block the yak's attack.
The black mamba bites you but does no damage.
The yak attacks as it pursues you! The yak closely misses you.
The yak barely misses Numeria.
Numeria closely misses the black mamba.
The black mamba attacks as it pursues you!
The black mamba barely misses you.
The komodo dragon attacks as it pursues you!
The komodo dragon bites you!
You die...

#.......#.# #P...Y...#
#### #.......## .....##
#$YY.....# ##
.....#.##........## #.
..........†Y......### ##
........Y.R.......#R###.
........S†.........#R...
.......@l...............
........................
........................
........................
........................
........................
........................
........................


You could see the friendly Numeria the battlemage, a komodo dragon, a black
mamba (ally target) and 5 yaks.

Vanquished Creatures
  An azure jelly (IceCv)
  A quicksilver ooze (IceCv)
  A red draconian (Volcano)
  Josephine (Lair:4)
  Snorg (Lair:4)
  4 hydras
  2 centaur warriors
  2 boulder beetles
  2 skysharks
  A manticore (D:12)
  2 cyclopes
  A black mamba (Lair:1)
  An elephant (Lair:5)
  An ice statue (IceCv)
  7 cane toads
  An unseen horror (D:10)
  A rime drake (Lair:3)
  5 komodo dragons
  2 yaktaurs (Volcano)
  2 polar bears
  5 blink frogs
  9 slime creatures
  2 shadows
  2 wyverns (D:9)
  4 wraiths
  A fire elemental (Lair:3)
  22 yaks
  A human (D:9)
  A steam dragon (D:8)
  Grum (D:10)
  4 vampire mosquitoes (D:12)
  2 basilisks
  Edmund (D:4)
  A swamp worm (Lair:3)
  An acid dragon (D:11)
  6 water moccasins
  7 orc warriors
  4 black bears
  A sky beast (D:7)
  4 wolves
  3 ogres
  5 centaurs
  5 slime creature simulacra (IceCv)
  3 phantoms
  3 kobold brigands
  Blork the orc (D:5)
  4 bullfrogs
  A gnoll sergeant (D:9)
  A scorpion (D:6)
  A glowing shapeshifter simulacrum (IceCv)
  5 wights (D:8)
  4 killer bees
  A hound (D:6)
  3 jellies
  6 orc priests
  3 gnoll boudas
  2 sleepcaps
  2 iguanas
  8 orc wizards
  2 hell rats
  12 gnolls
  11 adders
  A white imp (D:4)
  A worm (D:3)
  2 dart slugs
  27 orcs
  8 endoplasms
  2 giant cockroaches
  13 goblins
  9 hobgoblins
  4 jackals (D:1)
  8 kobolds
  3 quokkas
  8 ball pythons
  8 bats
  3 frilled lizards
  5 rats
306 creatures vanquished.

Vanquished Creatures (collateral kills)
  A quicksilver ooze (IceCv)
  4 hydras
  A catoblepas (Lair:5)
  2 two-headed ogres
  A lindwurm (Lair:3)
  A manticore (Lair:5)
  Maurice (D:11)
  A black mamba (Lair:5)
  An ice statue (IceCv)
  2 elephants (Lair:5)
  An unseen horror (D:12)
  10 cane toads
  2 yaktaurs (Volcano)
  5 komodo dragons
  A troll (D:12)
  A blink frog (Lair:1)
  16 slime creatures
  2 wyverns
  17 yaks
  4 hogs (D:9)
  4 wraiths
  3 basilisks
  2 fire bats (Lair:3)
  2 steam dragons
  4 vampire mosquitoes (D:12)
  2 swamp worms (Lair:3)
  An acid dragon (D:10)
  7 water moccasins
  A swamp drake (D:11)
  A great orb of eyes simulacrum (IceCv)
  3 orc warriors
  An ice beast (D:8)
  A sky beast (D:8)
  A black bear (Lair:2)
  4 wolves
  2 ogres
  2 centaurs
  A slime creature simulacrum (IceCv)
  7 bullfrogs
  3 glowing shapeshifter simulacra (IceCv)
  A wight (D:9)
  4 killer bees
  3 howler monkeys (D:8)
  A lava snake (Lair:3)
  3 jellies (Lair:4)
  4 orc priests
  An iguana (Lair:3)
  9 orc wizards
  2 hell rats
  3 gnolls
  An ufetubus (D:6)
  21 orcs
  2 endoplasms (Lair:4)
  2 kobolds (D:9)
183 creatures vanquished.

Vanquished Creatures (others)
  A cane toad (Lair:5)
  A black mamba (Lair:3)
  19 battlemagi
  4 ancestors (D:7)
  A gnoll (D:7)
26 creatures vanquished.

Grand Total: 515 creatures vanquished

Notes
Turn   | Place    | Note
-------+----------+-------------------------------------------
     0 | D:1      | cforsyth the Gnoll Artificer began the quest for the Orb.
     0 | D:1      | Reached XP level 1. HP: 17/17 MP: 1/1
   161 | D:1      | Reached XP level 2. HP: 20/23 MP: 2/2
   529 | D:1      | Reached XP level 3. HP: 25/28 MP: 3/3
   930 | D:2      | Reached skill level 1 in Invocations
  1049 | D:2      | Reached skill level 1 in Short Blades
  1049 | D:2      | Reached skill level 1 in Long Blades
  1049 | D:2      | Reached skill level 1 in Axes
  1049 | D:2      | Reached skill level 1 in Maces & Flails
  1049 | D:2      | Reached skill level 1 in Polearms
  1049 | D:2      | Reached skill level 1 in Staves
  1049 | D:2      | Reached skill level 1 in Ranged Weapons
  1049 | D:2      | Reached skill level 1 in Throwing
  1049 | D:2      | Reached skill level 1 in Shields
  1049 | D:2      | Reached skill level 1 in Unarmed Combat
  1049 | D:2      | Reached skill level 1 in Spellcasting
  1323 | D:3      | Reached XP level 4. HP: 19/34 MP: 5/5
  1325 | D:3      | Reached skill level 1 in Shapeshifting
  1499 | D:3      | Found Arishre Syume's General Store.
  1590 | D:3      | Reached skill level 1 in Conjurations
  1590 | D:3      | Reached skill level 1 in Hexes
  1590 | D:3      | Reached skill level 1 in Summonings
  1590 | D:3      | Reached skill level 1 in Necromancy
  1590 | D:3      | Reached skill level 1 in Translocations
  1590 | D:3      | Reached skill level 1 in Transmutations
  1590 | D:3      | Reached skill level 1 in Fire Magic
  1590 | D:3      | Reached skill level 1 in Ice Magic
  1590 | D:3      | Reached skill level 1 in Air Magic
  1590 | D:3      | Reached skill level 1 in Earth Magic
  1590 | D:3      | Reached skill level 1 in Poison Magic
  2176 | D:4      | Noticed Edmund
  2182 | D:4      | Killed Edmund
  2183 | D:4      | Reached XP level 5. HP: 27/41 MP: 5/7
  2202 | D:4      | Reached XP level 6. HP: 33/47 MP: 6/8
  2264 | D:4      | Found a bloodstained altar of Trog.
  2447 | D:4      | Found an ornate altar of the Wu Jian Council.
  2448 | D:4      | Found a hide-covered altar of Uskayaw.
  2448 | D:4      | Found a snail-covered altar of Cheibriados.
  2448 | D:4      | Found a hazy altar of Hepliaklqana.
  2459 | D:4      | Became a worshipper of Hepliaklqana the Forgotten
  2711 | D:4      | Reached skill level 5 in Armour
  2996 | D:5      | Entered Level 5 of the Dungeon
  3094 | D:5      | Noticed a yak
  3095 | D:5      | Noticed a yak
  3096 | D:5      | Noticed a yak
  3096 | D:5      | Noticed a yak
  3301 | D:4      | Reached XP level 7. HP: 52/52 MP: 10/10
  3424 | D:5      | Noticed Blork the orc
  3432 | D:5      | Killed Blork the orc
  3433 | D:5      | Reached skill level 7 in Evocations
  3950 | D:5      | Found an iron altar of Okawaru.
  4379 | D:5      | Reached * piety under Hepliaklqana
  4559 | D:6      | Found a runed translucent door.
  4560 | D:6      | Noticed Crazy Yiuf
  4599 | D:6      | Reached XP level 8. HP: 46/54 MP: 12/12
  4687 | D:6      | Found a glowing golden altar of the Shining One.
  5564 | D:7      | Found a staircase to the Ecumenical Temple.
  5629 | D:7      | Found a burning altar of Makhleb.
  6016 | D:7      | Reached XP level 9. HP: 40/59 MP: 14/14
  6519 | D:7      | Reached skill level 5 in Fighting
  6519 | D:7      | Reached skill level 5 in Dodging
  6929 | D:7      | Reached skill level 5 in Stealth
  6988 | D:7      | Reached skill level 8 in Evocations
  7329 | D:7      | Reached ** piety under Hepliaklqana
  7330 | D:7      | Remembered your ancestor Numeria as a battlemage
  7524 | D:8      | Identified the +7 mace of Mourning {venom, rPois rF++}
  7539 | D:8      | Reached skill level 5 in Invocations
  7912 | D:8      | Reached XP level 10. HP: 53/66 MP: 17/17
  7975 | D:8      | Reached skill level 5 in Short Blades
  7975 | D:8      | Reached skill level 5 in Long Blades
  7975 | D:8      | Reached skill level 5 in Axes
  7975 | D:8      | Reached skill level 5 in Maces & Flails
  7975 | D:8      | Reached skill level 5 in Polearms
  7975 | D:8      | Reached skill level 5 in Staves
  7975 | D:8      | Reached skill level 5 in Ranged Weapons
  7975 | D:8      | Reached skill level 5 in Throwing
  7975 | D:8      | Reached skill level 5 in Shields
  7975 | D:8      | Reached skill level 5 in Unarmed Combat
  7975 | D:8      | Reached skill level 5 in Spellcasting
  8071 | D:8      | Found a shimmering blue altar of Sif Muna.
  8151 | D:8      | Found a staircase to the Lair.
  8228 | D:8      | Found a shadowy altar of Dithmenos.
  8338 | D:9      | Found a glowing silver altar of Zin.
  8803 | D:9      | Reached skill level 5 in Shapeshifting
  8950 | D:9      | Noticed a two-headed ogre
  8972 | D:9      | Killed a two-headed ogre
  9259 | D:9      | Reached *** piety under Hepliaklqana
  9393 | D:10     | Entered Level 10 of the Dungeon
  9393 | D:10     | Noticed Grum
  9406 | D:10     | Killed Grum
  9735 | D:10     | Reached XP level 11. HP: 49/74 MP: 19/19
  9745 | D:10     | Reached skill level 9 in Evocations
  9841 | D:10     | Reached skill level 5 in Conjurations
  9841 | D:10     | Reached skill level 5 in Hexes
  9841 | D:10     | Reached skill level 5 in Summonings
  9841 | D:10     | Reached skill level 5 in Necromancy
  9841 | D:10     | Reached skill level 5 in Translocations
  9841 | D:10     | Reached skill level 5 in Transmutations
  9841 | D:10     | Reached skill level 5 in Fire Magic
  9841 | D:10     | Reached skill level 5 in Ice Magic
  9841 | D:10     | Reached skill level 5 in Air Magic
  9841 | D:10     | Reached skill level 5 in Earth Magic
  9841 | D:10     | Reached skill level 5 in Poison Magic
 10314 | D:10     | Found a shimmering altar of Xom.
 10359 | D:11     | Noticed a cyclops
 10365 | D:11     | Killed a cyclops
 10677 | D:11     | Noticed a boulder beetle
 10684 | D:11     | Found a staircase to the Orcish Mines.
 10916 | D:11     | Noticed Maurice
 10916 | D:11     | Paralysed by Maurice for 4 turns
 10929 | D:11     | Paralysed by Maurice for 3 turns
 10934 | D:11     | Killed Maurice
 11017 | D:11     | Reached **** piety under Hepliaklqana
 11037 | D:11     | Killed a boulder beetle
 11650 | D:12     | Noticed a manticore
 11650 | D:12     | Noticed a two-headed ogre
 11676 | D:12     | Killed a two-headed ogre
 11872 | D:12     | Killed a manticore
 12060 | D:12     | Noticed a centaur warrior
 12073 | D:12     | Killed a centaur warrior
 12128 | D:12     | Reached XP level 12. HP: 81/81 MP: 22/22
 12894 | Lair:1   | Entered Level 1 of the Lair of Beasts
 12934 | Lair:1   | Found a frozen archway.
 12966 | IceCv    | Entered an ice cave
 13181 | IceCv    | Reached skill level 10 in Evocations
 13831 | IceCv    | Noticed a quicksilver ooze
 13834 | IceCv    | Killed a quicksilver ooze
 14667 | IceCv    | Found a viscous altar of Jiyva.
 14667 | IceCv    | Noticed an azure jelly
 14674 | IceCv    | Killed an azure jelly
 14729 | IceCv    | Noticed a quicksilver ooze
 15033 | IceCv    | Killed a quicksilver ooze
 15034 | IceCv    | Reached XP level 13. HP: 89/89 MP: 23/25
 15094 | IceCv    | Got the Vellum of Morbid Configuration
 15099 | IceCv    | Identified the +2 leather armour of a Gauntlet {Fly rElec
                  | Dex-5}
 15110 | IceCv    | Learned a level 3 spell: Summon Guardian Golem
 15816 | Lair:1   | Reached ***** piety under Hepliaklqana
 16592 | Lair:2   | Identified the +7 short sword "Zofure" {freeze, Int+2}
 17244 | Lair:3   | Found a staircase to the Swamp.
 17325 | Lair:3   | Reached skill level 10 in Armour
 17325 | Lair:3   | Reached skill level 11 in Evocations
 17556 | Lair:3   | Found a dark tunnel.
 17565 | Lair:3   | Reached XP level 14. HP: 97/97 MP: 25/27
 17565 | Volcano  | Entered a volcano
 17585 | Volcano  | Found a radiant altar of Vehumet.
 17586 | Volcano  | Noticed a red draconian
 17700 | Volcano  | Killed a red draconian
 17991 | Lair:3   | Found a hole to the Spider Nest.
 18612 | Lair:4   | Reached skill level 10 in Invocations
 18669 | Lair:3   | Learned a level 5 spell: Irradiate
 19231 | Lair:4   | Identified the +0 robe of Sumpuni {rElec}
 19260 | Lair:4   | Noticed Josephine
 19281 | Lair:4   | Killed Josephine
 19590 | Lair:4   | Found a viscous altar of Jiyva.
 19590 | Lair:4   | Found a staircase to the Slime Pits.
 20095 | Lair:4   | Noticed Snorg
 20110 | Lair:4   | Killed Snorg
 20223 | Lair:5   | Entered Level 5 of the Lair of Beasts
 20223 | Lair:5   | Found a runed translucent gate.
 20223 | Lair:5   | Found a runed translucent gate.
 20223 | Lair:5   | Found a runed translucent gate.
 20346 | Lair:5   | Noticed bakla's ghost (journeyman TrHW)
 20509 | Lair:4   | Upgraded the game from 0.31-a0-620-gd1cbd99268 to
                  | 0.31-a0-626-g8143ab4f1d
 20509 | Lair:4   | Upgraded the game from 0.31-a0-626-g8143ab4f1d to
                  | 0.31-a0-632-g766dd24fdf
 20525 | Lair:5   | Reached skill level 10 in Fighting
 20525 | Lair:5   | Reached skill level 10 in Dodging
 20623 | Lair:5   | Reached skill level 10 in Stealth
 20624 | Lair:5   | HP: 4/99 [something (17)]
 20630 | Lair:5   | Slain by a komodo dragon

Illustrated notes

Levels and vault maps discovered:
D:1:      dpeg_arrival_lava_temple_mockup, layout_basic
D:2:      layout_basic
D:3:      layout_basic, serial_shops, nicolae_shop_statue_plus,
          minmay_misc_feat_x, nrook_mini_vaults
D:4:      layout_basic, trog_hazing_becter,
          chequers_temple_overflow_statue_of_worship, serial_glass,
          glass_columns_a, glass_columns_b, glass_columns_a, glass_columns_c,
          glass_columns_c, glass_columns_a, glass_columns_b, glass_columns_c,
          minmay_box_of_dots, uniq_edmund
D:5:      layout_loops_ring, mainiacjoe_overflow_six_doors_small,
          minmay_misc_feat_doors, kennysheep_generic_room_13, uniq_blork_the_orc
D:6:      layout_rooms, mainiacjoe_overflow_concentric_impassable,
          uniq_crazy_yiuf_cottage
D:7:      kennysheep_seaside_town, layout_basic,
          mainiacjoe_overflow_cross_hatched, temple_hall
D:8:      layout_rooms, grunt_dithmenos_shadows, nicolae_sif_muna_condensation,
          lair_entry_dummy
D:9:      minmay_skewed_foursquare, layout_basic, zin_treasury, grunt_livestock
D:10:     layout_loops_ring, marbit_many_paths, uniq_grum
D:11:     layout_rooms, erik_orc_1, uniq_maurice
D:12:     layout_loops_corners
Lair:1:   layout_regular_city, portal_ice_cave_entry_pillars_1,
          nicolae_lair_grazing_beasts [nicolae_sub_lair_graze_edge,
          nicolae_sub_lair_graze_edge, nicolae_sub_lair_graze_edge,
          nicolae_sub_lair_graze_edge], lemuel_fruit_tree
Lair:2:   layout_loops_ring
Lair:3:   layout_gridlike, palyth_hydra_swamp_entry,
          spider_nest_entry_web_field, nicolae_volcano_entry_vermiform
Lair:4:   layout_layer_cave, nicolae_slime_entry_slimehenge, grunt_megastairs_3,
          serial_bayou_shore_b, uniq_snorg, uniq_josephine
Lair:5:   evilmike_catoblepas_cave, layout_hall_layers,
          maelrawn_ghost_gauntlet_escape, dpeg_oklob_1

Skill      XL: |  1  2  3  4  5  6  7  8  9 10 11 12 13 14 |
---------------+-------------------------------------------+-----
Invocations    | 1 2 3 4 5 6 7 8 9 10 | 10.5
Short Blades   | 1 2 3 4 5 7 8 9 |  9.6
Long Blades    | 1 2 3 4 5 7 8 9 |  9.6
Axes           | 1 2 3 4 5 7 8 9 |  9.6
Maces & Flails | 1 2 3 4 5 7 8 9 |  9.6
Polearms       | 1 2 3 4 5 7 8 9 |  9.6
Staves         | 1 2 3 4 5 7 8 9 |  9.6
Ranged Weapons | 1 2 3 4 5 7 8 9 |  9.6
Throwing       | 1 2 3 4 5 7 8 9 |  9.6
Shields        | 1 2 3 4 5 7 8 9 |  9.6
Unarmed Combat | 1 2 3 4 5 7 8 9 |  9.6
Spellcasting   | 1 2 3 4 5 7 8 9 |  9.6
Shapeshifting  | 1 2 3 4 5 6 7 8 |  8.8
Conjurations   | 1 2 3 4 5 6 7 8 |  8.0
Hexes          | 1 2 3 4 5 6 7 8 |  8.0
Summonings     | 1 2 3 4 5 6 7 8 |  8.0
Necromancy     | 1 2 3 4 5 6 7 8 |  8.0
Translocations | 1 2 3 4 5 6 7 8 |  8.0
Transmutations | 1 2 3 4 5 6 7 8 |  8.0
Fire Magic     | 1 2 3 4 5 6 7 8 |  8.0
Ice Magic      | 1 2 3 4 5 6 7 8 |  8.0
Air Magic      | 1 2 3 4 5 6 7 8 |  8.0
Earth Magic    | 1 2 3 4 5 6 7 8 |  8.0
Poison Magic   | 1 2 3 4 5 6 7 8 |  8.0
Fighting       | 3 4 5 6 7 8 9 10 | 10.0
Dodging        | 3 4 5 6 7 8 9 10 | 10.0
Stealth        | 3 4 5 6 7 8 9 10 | 10.0
Armour         | 5 6 7 8 9 10 | 10.7
Evocations     | 7 8 9 10 11 | 11.6

Action                     |  1- 3 |  4- 6 |  7- 9 | 10-12 | 13-15 || total
---------------------------+-------+-------+-------+-------+-------++-------
  Melee: Club              |    82 |       |       |       |       ||    82
         Bite              |    11 |    17 |    34 |    82 |    65 ||   209
         Dagger            |    80 |    95 |       |       |       ||   175
         Punch             |       |     1 |     4 |     1 |       ||     6
         Dire flail        |       |   102 |    11 |       |       ||   113
         Scimitar          |       |       |   262 |       |       ||   262
         Mace              |       |       |    22 |   424 |   446 ||   892
  Throw: Dart              |       |       |    13 |       |       ||    13
   Cast: Irradiate         |       |       |       |       |     5 ||     5
 Invoke: Recall Ancestor   |       |       |     2 |     2 |     1 ||     5
         Ancestor Life: Ba |       |       |     1 |       |       ||     1
  Evoke: Wand              |     5 |     6 |    13 |    21 |    14 ||    59
    Use: Scroll            |       |       |       |    21 |     8 ||    29
         Potion            |       |       |       |       |     5 ||     5
   Stab: Sleeping          |     1 |       |       |       |     3 ||     4
         Distracted        |       |       |       |     8 |    14 ||    22
         Paralysed         |       |       |       |     2 |       ||     2
 Armour: Leather armour    |    42 |       |       |       |       ||    42
         Chain mail        |    43 |    61 |       |       |       ||   104
         Plate armour      |       |   109 |   388 |   276 |       ||   773
         Scale mail        |       |       |       |    32 |   410 ||   442
  Dodge: Dodged            |   107 |    41 |   130 |   186 |   329 ||   793
  Block: Buckler           |       |       |       |   100 |    43 ||   143
         Kite shield       |       |       |       |       |   258 ||   258

Table legend: (Time is in decaauts)
 A = Elapsed time spent in this place.
 B = Non-inter-level travel time spent in this place.
 C = Inter-level travel time spent in this place.
 D = Time resting spent in this place.
 E = Time spent auto-exploring this place.
 F = Levels seen in this place.
 G = Mean time per level.
                   A        B        C        D        E       F      G
               +--------+--------+--------+--------+--------+-----+--------+
         Total |  20840 |  20004 |    836 |   4264 |  10758 |  19 | 1096.8 |
       Dungeon |  13076 |  12407 |    669 |   2058 |   7756 |  12 | 1089.7 |
          Lair |   5149 |   4983 |    166 |    789 |   2782 |   5 | 1029.8 |
      Ice Cave |   2292 |   2292 |      0 |   1315 |    163 |   1 | 2292.0 |
       Volcano |    322 |    322 |      0 |    102 |     57 |   1 |  322.0 |
               +--------+--------+--------+--------+--------+-----+--------+

Top non-repeatable levels by time:
   IceCv: 2292 daAuts
     D:7: 1762 daAuts
  Lair:3: 1730 daAuts
     D:6: 1454 daAuts
     D:9: 1377 daAuts
     D:5: 1319 daAuts
    D:11: 1210 daAuts
  Lair:4: 1208 daAuts
     D:4: 1107 daAuts
    D:12: 1072 daAuts
  Lair:1: 987 daAuts
    D:10: 976 daAuts
  Lair:2: 947 daAuts
     D:3: 875 daAuts
     D:1: 782 daAuts
